[ AOE2 MATCH · #473066150 ]
UnrankedCumans vs Turks
[ REPLAY ANALYSIS · EXTRACTED FROM THE RECORDED GAME ]
Feudal
8:59
Castle
20:19
Imperial
—
| APM avg | 40.6 |
| APM peak | 64 |
| eAPM avg | 23.1 |
| Villagers / military | 142 / 171 |
Focus
⚔️ 27.2% · 🌾 72.8%
Knight ×142 · Camel Scout ×28 · Scout Cavalry ×1
Feudal
10:56
Castle
15:04
Imperial
24:19
| APM avg | 41.9 |
| APM peak | 83 |
| eAPM avg | 23.5 |
| Villagers / military | 103 / 17 |
Focus
⚔️ 21.9% · 🌾 78.1%
Bombard Cannon ×10 · Mangonel ×4 · Petard ×2 · Scorpion ×1
Feudal
11:06
Castle
17:08
Imperial
21:45
| APM avg | 34.9 |
| APM peak | 101 |
| eAPM avg | 15.2 |
| Villagers / military | 91 / 18 |
Focus
⚔️ 30.4% · 🌾 69.6%
Bombard Cannon ×17 · Monk ×1
Feudal
10:59
Castle
14:40
Imperial
—
| APM avg | 29.8 |
| APM peak | 57 |
| eAPM avg | 21.7 |
| Villagers / military | 118 / 43 |
Focus
⚔️ 33.3% · 🌾 66.7%
Archer ×43
Feudal
12:14
Castle
15:49
Imperial
31:11
| APM avg | 48.6 |
| APM peak | 107 |
| eAPM avg | 25.9 |
| Villagers / military | 141 / 90 |
Focus
⚔️ 41.6% · 🌾 58.4%
Genoese Crossbowman ×90
Feudal
10:48
Castle
13:59
Imperial
—
| APM avg | 68.7 |
| APM peak | 139 |
| eAPM avg | 29.1 |
| Villagers / military | 163 / 144 |
Focus
⚔️ 35.7% · 🌾 64.3%
Knight ×144
Feudal
11:21
Castle
14:53
Imperial
—
| APM avg | 41.4 |
| APM peak | 90 |
| eAPM avg | 25.0 |
| Villagers / military | 162 / 58 |
Focus
⚔️ 34.7% · 🌾 65.3%
Hand Cannoneer ×25 · Hussite Wagon ×20 · Battering Ram ×6 · Petard ×5 · Monk ×2
Feudal
11:46
Castle
15:16
Imperial
28:10
| APM avg | 45.3 |
| APM peak | 112 |
| eAPM avg | 20.3 |
| Villagers / military | 113 / 80 |
Focus
⚔️ 37.3% · 🌾 62.7%
Leitis ×74 · Scout Cavalry ×4 · Monk ×2
Match map
Initial resources + every placement click. Lines = walls · curves = elevation contours. ◆ gold · ⬟ stone · ● berries · ✦ relic · ◌ wall gap
Your base· ✓ Closed at 20:19 · 0t walls · 3 gate(s)
Gloriaz's base· ✓ Closed at 15:04 · 0t walls · 3 gate(s)
[TNT] KKKFFFFFFCC's base· ✓ Closed at 17:08 · 0t walls · 2 gate(s)
PossiblySean's base· ✓ Closed at 14:40 · 0t walls · 2 gate(s)
洛子商's base· ✓ Closed at 15:49 · 0t walls · 3 gate(s)
LaochraGael's base· ✓ Closed at 13:59 · 0t walls · 7 gate(s)
YT Jian Hei菜雞號's base· ✓ Closed at 14:53 · 4t walls · 3 gate(s)
NuclearPasta's base· ✓ Closed at 15:16 · 9t walls · 3 gate(s)
Smoothed initial terrain · ◌ = detected wall gap · hover for details
Inputs per minute
— 微笑矮袋鼠 - - Gloriaz
Build order — 微笑矮袋鼠
First 150 of 364 actions detected
| 0:01 | Queue | Villager (Male) |
| 0:01 | Queue | Villager (Male) |
| 0:02 | Queue | Villager (Male) |
| 0:03 | Build | House |
| 0:04 | Build | House |
| 0:17 | Queue | Villager (Male) |
| 1:37 | Queue | Villager (Male) |
| 1:37 | Queue | Villager (Male) |
| 1:51 | Build | Lumber Camp |
| 2:00 | Queue | Villager (Male) |
| 2:00 | Queue | Villager (Male) |
| 2:24 | Queue | Villager (Male) |
| 2:42 | Queue | Villager (Male) |
| 2:42 | Queue | Villager (Male) |
| 3:06 | Queue | Villager (Male) |
| 3:13 | Build | House |
| 3:16 | Queue | Villager (Male) |
| 3:17 | Queue | Villager (Male) |
| 3:47 | Queue | Villager (Male) |
| 3:47 | Queue | Villager (Male) |
| 3:53 | Build | House |
| 4:08 | Queue | Villager (Male) |
| 4:25 | Queue | Villager (Male) |
| 4:42 | Queue | Villager (Male) |
| 5:12 | Build | Mill |
| 5:33 | Queue | Villager (Male) |
| 5:33 | Queue | Villager (Male) |
| 6:17 | Queue | Villager (Male) |
| 6:49 | Research | Feudal Age |
| 8:13 | Queue | Villager (Male) |
| 8:59 | Age | Feudal Age |
| 9:03 | Build | Town Center |
| 9:16 | Research | Double-Bit Axe |
| 9:30 | Queue | Villager (Male) |
| 9:33 | Build | Farm |
| 9:42 | Queue | Villager (Male) |
| 10:05 | Research | Horse Collar |
| 10:07 | Queue | Villager (Male) |
| 10:24 | Build | House |
| 10:27 | Queue | Villager (Male) |
| 10:37 | Queue | Villager (Male) |
| 10:39 | Queue | Villager (Male) |
| 10:46 | Build | Farm |
| 10:48 | Queue | Villager (Male) |
| 10:48 | Queue | Villager (Male) |
| 10:54 | Queue | Villager (Male) |
| 10:56 | Queue | Villager (Male) |
| 11:05 | Queue | Villager (Male) |
| 11:08 | Build | House |
| 11:09 | Queue | Villager (Male) |
| 11:13 | Queue | Villager (Male) |
| 11:16 | Build | Farm |
| 11:20 | Queue | Villager (Male) |
| 11:27 | Build | Farm |
| 11:39 | Build | Farm |
| 11:40 | Queue | Villager (Male) |
| 11:49 | Build | Farm |
| 12:04 | Build | Farm |
| 12:09 | Queue | Villager (Male) |
| 12:12 | Build | House |
| 12:17 | Queue | Villager (Male) |
| 12:23 | Queue | Villager (Male) |
| 12:25 | Build | Farm |
| 12:29 | Build | House |
| 12:33 | Queue | Villager (Male) |
| 12:37 | Queue | Villager (Male) |
| 12:44 | Build | Farm |
| 12:48 | Build | House |
| 12:49 | Queue | Villager (Male) |
| 12:53 | Build | Farm |
| 13:10 | Build | Farm |
| 13:11 | Queue | Villager (Male) |
| 13:22 | Build | Farm |
| 13:22 | Queue | Villager (Male) |
| 13:29 | Build | House |
| 13:39 | Research | Wheelbarrow |
| 13:40 | Queue | Villager (Male) |
| 13:47 | Build | House |
| 14:02 | Queue | Villager (Male) |
| 14:14 | Build | House |
| 14:23 | Build | House |
| 14:26 | Build | Farm |
| 14:32 | Build | Mining Camp |
| 14:34 | Queue | Villager (Male) |
| 14:50 | Build | Farm |
| 15:02 | Build | Farm |
| 15:03 | Build | Farm |
| 15:10 | Queue | Villager (Male) |
| 15:11 | Queue | Villager (Male) |
| 15:12 | Queue | Villager (Male) |
| 15:16 | Build | Farm |
| 15:35 | Queue | Villager (Male) |
| 15:39 | Build | Farm |
| 15:44 | Build | Farm |
| 15:56 | Build | Barracks |
| 15:59 | Queue | Villager (Male) |
| 16:21 | Queue | Villager (Male) |
| 16:29 | Queue | Villager (Male) |
| 16:35 | Build | Blacksmith |
| 16:38 | Queue | Villager (Male) |
| 16:51 | Build | Stable |
| 16:57 | Queue | Villager (Male) |
| 17:09 | Build | Lumber Camp |
| 17:16 | Build | House |
| 17:19 | Queue | Villager (Male) |
| 17:39 | Research | Castle Age |
| 17:44 | Build | Stable |
| 17:48 | Build | House |
| 17:52 | Research | Gold Mining |
| 17:52 | Queue | Villager (Male) |
| 18:04 | Research | Scale Barding Armor |
| 18:07 | Build | House |
| 18:15 | Research | Bloodlines |
| 18:22 | Build | Stable |
| 18:23 | Queue | Villager (Male) |
| 18:33 | Build | House |
| 18:33 | Build | House |
| 18:35 | Queue | Villager (Male) |
| 18:45 | Build | Mining Camp |
| 18:47 | Queue | Villager (Male) |
| 18:57 | Build | Farm |
| 19:00 | Queue | Villager (Male) |
| 19:13 | Queue | Villager (Male) |
| 19:20 | Build | Farm |
| 19:24 | Build | Farm |
| 19:25 | Build | Farm |
| 19:28 | Build | House |
| 19:29 | Build | House |
| 19:31 | Queue | Villager (Male) |
| 19:59 | Queue | Villager (Male) |
| 20:11 | Build | Mill |
| 20:13 | Build | Farm |
| 20:14 | Build | Farm |
| 20:14 | Build | Farm |
| 20:19 | Age | Castle Age |
| 20:20 | Queue | Villager (Male) |
| 20:22 | Queue | Knight ×5 |
| 20:31 | Queue | Villager (Male) |
| 20:36 | Build | Town Center |
| 20:39 | Queue | Knight |
| 20:47 | Queue | Villager (Male) |
| 20:51 | Build | House |
| 20:53 | Queue | Knight |
| 20:59 | Queue | Villager (Male) |
| 21:10 | Queue | Knight |
| 21:12 | Queue | Villager (Male) |
| 21:13 | Queue | Villager (Male) |
| 21:24 | Queue | Knight |
| 21:25 | Queue | Villager (Male) |
| 21:25 | Queue | Villager (Male) |
Build order — Gloriaz
First 150 of 220 actions detected
| 0:00 | Queue | Villager (Male) |
| 0:01 | Queue | Villager (Male) |
| 0:01 | Queue | Villager (Male) |
| 0:02 | Build | House |
| 0:03 | Build | House |
| 0:14 | Queue | Villager (Male) |
| 0:14 | Queue | Villager (Male) |
| 1:26 | Queue | Villager (Male) |
| 1:27 | Queue | Villager (Male) |
| 1:52 | Build | Lumber Camp |
| 1:59 | Queue | Villager (Male) |
| 1:59 | Queue | Villager (Male) |
| 2:11 | Queue | Villager (Male) |
| 2:12 | Queue | Villager (Male) |
| 2:44 | Queue | Villager (Male) |
| 2:44 | Queue | Villager (Male) |
| 2:59 | Queue | Villager (Male) |
| 2:59 | Queue | Villager (Male) |
| 3:42 | Queue | Villager (Male) |
| 3:42 | Queue | Villager (Male) |
| 3:48 | Build | House |
| 4:06 | Queue | Villager (Male) |
| 4:06 | Queue | Villager (Male) |
| 4:13 | Build | House |
| 4:20 | Build | Mill |
| 4:29 | Queue | Villager (Male) |
| 4:29 | Queue | Villager (Male) |
| 5:03 | Queue | Villager (Male) |
| 5:40 | Queue | Villager (Male) |
| 5:40 | Queue | Villager (Male) |
| 5:40 | Queue | Villager (Male) |
| 5:43 | Queue | Villager (Male) |
| 5:55 | Build | Mill |
| 6:27 | Build | Mining Camp |
| 6:48 | Queue | Villager (Male) |
| 7:10 | Queue | Villager (Male) |
| 7:10 | Queue | Villager (Male) |
| 7:33 | Build | Farm |
| 7:56 | Queue | Villager (Male) |
| 8:11 | Build | Farm |
| 8:31 | Research | Feudal Age |
| 9:25 | Queue | Villager (Male) |
| 9:25 | Queue | Villager (Male) |
| 9:32 | Build | House |
| 9:55 | Build | House |
| 9:59 | Build | House |
| 10:05 | Build | Farm |
| 10:09 | Build | Farm |
| 10:56 | Age | Feudal Age |
| 10:57 | Build | Market |
| 10:58 | Build | Blacksmith |
| 11:21 | Build | Mining Camp |
| 11:36 | Research | Loom |
| 11:52 | Build | Farm |
| 11:55 | Build | Farm |
| 12:24 | Research | Castle Age |
| 12:24 | Research | Castle Age |
| 12:45 | Research | Double-Bit Axe |
| 13:08 | Research | Horse Collar |
| 13:08 | Research | Horse Collar |
| 13:11 | Queue | Villager (Male) |
| 14:32 | Research | Gold Mining |
| 15:01 | Queue | Villager (Male) |
| 15:04 | Age | Castle Age |
| 15:06 | Research | Bow Saw |
| 15:19 | Queue | Villager (Male) |
| 15:55 | Queue | Villager (Male) |
| 15:55 | Queue | Villager (Male) |
| 16:21 | Queue | Villager (Male) |
| 16:21 | Queue | Villager (Male) |
| 16:21 | Queue | Villager (Male) |
| 16:30 | Build | Castle |
| 16:37 | Build | Farm |
| 16:46 | Research | Wheelbarrow |
| 16:50 | Build | Farm |
| 16:51 | Build | Farm |
| 17:17 | Research | Padded Archer Armor |
| 17:21 | Build | Lumber Camp |
| 17:42 | Build | House |
| 18:05 | Build | Mining Camp |
| 18:22 | Build | Farm |
| 18:23 | Build | Farm |
| 18:23 | Build | Farm |
| 18:23 | Build | Farm |
| 18:23 | Build | Farm |
| 18:24 | Build | Farm |
| 18:27 | Queue | Villager (Male) |
| 18:27 | Queue | Villager (Male) |
| 18:27 | Queue | Villager (Male) |
| 18:28 | Queue | Villager (Male) |
| 18:29 | Build | Farm |
| 18:29 | Build | Farm |
| 19:06 | Queue | Villager (Male) |
| 19:12 | Build | Farm |
| 19:15 | Build | Farm |
| 19:17 | Build | Farm |
| 20:09 | Build | Siege Workshop |
| 20:23 | Build | Farm |
| 20:23 | Build | Farm |
| 20:36 | Queue | Villager (Male) |
| 21:09 | Research | Imperial Age |
| 21:09 | Research | Imperial Age |
| 21:57 | Research | Gold Shaft Mining |
| 22:02 | Queue | Mangonel |
| 22:02 | Queue | Mangonel |
| 22:10 | Queue | Mangonel |
| 22:21 | Queue | Petard |
| 22:21 | Queue | Petard |
| 22:38 | Build | Siege Workshop |
| 23:20 | Build | Lumber Camp |
| 23:22 | Build | Farm |
| 23:26 | Queue | Villager (Male) |
| 23:26 | Queue | Villager (Male) |
| 23:29 | Queue | Mangonel |
| 24:04 | Build | House |
| 24:05 | Build | House |
| 24:06 | Build | House |
| 24:19 | Age | Imperial Age |
| 24:23 | Queue | Scorpion |
| 24:26 | Queue | Bombard Cannon |
| 24:26 | Queue | Bombard Cannon |
| 24:46 | Build | Gate |
| 25:09 | Queue | Villager (Male) |
| 25:10 | Queue | Villager (Male) |
| 25:10 | Queue | Villager (Male) |
| 25:10 | Queue | Villager (Male) |
| 25:11 | Queue | Villager (Male) |
| 25:11 | Queue | Villager (Male) |
| 25:11 | Queue | Villager (Male) |
| 25:12 | Queue | Bombard Cannon |
| 25:21 | Queue | Villager (Male) |
| 25:24 | Queue | Villager (Male) |
| 25:44 | Build | Town Center |
| 26:06 | Queue | Bombard Cannon |
| 26:10 | Queue | Villager (Male) |
| 26:11 | Queue | Villager (Male) |
| 26:11 | Queue | Villager (Male) |
| 26:23 | Queue | Villager (Male) |
| 26:31 | Build | Siege Workshop |
| 26:37 | Queue | Villager (Male) |
| 26:37 | Queue | Villager (Male) |
| 27:05 | Queue | Bombard Cannon |
| 27:10 | Queue | Villager (Male) |
| 27:20 | Queue | Villager (Male) |
| 27:20 | Queue | Villager (Male) |
| 27:22 | Build | Farm |
| 27:23 | Build | Farm |
| 27:25 | Build | Farm |
| 27:26 | Queue | Villager (Male) |
| 27:46 | Queue | Bombard Cannon |
Build order — [TNT] KKKFFFFFFCC
First 150 of 201 actions detected
| 0:06 | Queue | Villager (Male) |
| 0:06 | Queue | Villager (Male) |
| 0:06 | Queue | Villager (Male) |
| 0:07 | Build | House |
| 0:08 | Build | House |
| 0:10 | Queue | Villager (Male) |
| 0:10 | Queue | Villager (Male) |
| 1:33 | Queue | Villager (Male) |
| 1:33 | Queue | Villager (Male) |
| 1:59 | Build | Lumber Camp |
| 2:02 | Queue | Villager (Male) |
| 2:02 | Queue | Villager (Male) |
| 2:35 | Queue | Villager (Male) |
| 2:35 | Queue | Villager (Male) |
| 3:06 | Queue | Villager (Male) |
| 3:07 | Queue | Villager (Male) |
| 3:08 | Queue | Villager (Male) |
| 3:09 | Queue | Villager (Male) |
| 3:17 | Build | House |
| 3:39 | Queue | Villager (Male) |
| 4:02 | Queue | Villager (Male) |
| 4:03 | Queue | Villager (Male) |
| 4:33 | Build | Mill |
| 4:33 | Queue | Villager (Male) |
| 4:33 | Queue | Villager (Male) |
| 4:51 | Queue | Villager (Male) |
| 4:51 | Queue | Villager (Male) |
| 5:19 | Queue | Villager (Male) |
| 5:40 | Queue | Villager (Male) |
| 5:40 | Queue | Villager (Male) |
| 5:40 | Queue | Villager (Male) |
| 5:50 | Build | House |
| 5:53 | Queue | Villager (Male) |
| 6:21 | Queue | Villager (Male) |
| 6:21 | Queue | Villager (Male) |
| 7:27 | Queue | Villager (Male) |
| 7:28 | Queue | Villager (Male) |
| 7:28 | Queue | Villager (Male) |
| 7:31 | Build | Mill |
| 8:25 | Build | Mining Camp |
| 8:47 | Research | Feudal Age |
| 8:48 | Research | Feudal Age |
| 8:54 | Build | House |
| 9:13 | Build | Farm |
| 9:15 | Build | Farm |
| 9:22 | Queue | Villager (Male) |
| 9:22 | Queue | Villager (Male) |
| 10:14 | Build | Farm |
| 10:15 | Build | Farm |
| 11:06 | Age | Feudal Age |
| 11:08 | Build | Market |
| 11:10 | Research | Double-Bit Axe |
| 11:13 | Research | Gold Mining |
| 11:20 | Queue | Villager (Male) |
| 11:21 | Build | House |
| 11:46 | Queue | Villager (Male) |
| 12:02 | Queue | Villager (Male) |
| 12:18 | Build | Blacksmith |
| 12:39 | Queue | Villager (Male) |
| 13:02 | Build | Farm |
| 13:04 | Build | Farm |
| 13:05 | Queue | Villager (Male) |
| 13:27 | Queue | Villager (Male) |
| 13:52 | Build | Farm |
| 13:54 | Build | Farm |
| 13:57 | Build | Farm |
| 13:58 | Build | Farm |
| 14:03 | Queue | Villager (Male) |
| 14:18 | Research | Castle Age |
| 15:45 | Queue | Villager (Male) |
| 15:45 | Queue | Villager (Male) |
| 16:04 | Build | House |
| 17:08 | Age | Castle Age |
| 17:12 | Build | Siege Workshop |
| 17:18 | Build | Monastery |
| 17:27 | Build | Farm |
| 17:28 | Build | Farm |
| 17:30 | Queue | Villager (Male) |
| 18:01 | Build | House |
| 18:12 | Queue | Monk |
| 18:35 | Research | Imperial Age |
| 18:35 | Research | Imperial Age |
| 18:35 | Research | Imperial Age |
| 19:26 | Queue | Villager (Male) |
| 19:50 | Build | House |
| 21:08 | Build | Siege Workshop |
| 21:27 | Research | Bow Saw |
| 21:45 | Age | Imperial Age |
| 21:48 | Queue | Bombard Cannon |
| 21:49 | Queue | Villager (Male) |
| 21:53 | Build | Lumber Camp |
| 22:14 | Queue | Bombard Cannon |
| 22:14 | Queue | Bombard Cannon |
| 22:22 | Build | Siege Workshop |
| 22:26 | Queue | Villager (Male) |
| 22:53 | Build | Palisade Wall |
| 22:53 | Build | Palisade Wall |
| 22:55 | Build | Palisade Wall |
| 23:00 | Queue | Bombard Cannon |
| 23:12 | Queue | Villager (Male) |
| 23:13 | Queue | Villager (Male) |
| 23:17 | Queue | Bombard Cannon |
| 23:28 | Build | House |
| 23:35 | Queue | Bombard Cannon |
| 23:36 | Queue | Villager (Male) |
| 23:39 | Queue | Villager (Male) |
| 23:42 | Queue | Bombard Cannon |
| 23:44 | Queue | Villager (Male) |
| 23:51 | Build | House |
| 24:15 | Queue | Bombard Cannon |
| 24:15 | Queue | Bombard Cannon |
| 24:25 | Queue | Villager (Male) |
| 24:29 | Build | House |
| 24:29 | Build | House |
| 24:56 | Queue | Bombard Cannon |
| 25:00 | Queue | Bombard Cannon |
| 25:02 | Queue | Villager (Male) |
| 25:27 | Queue | Villager (Male) |
| 25:56 | Queue | Villager (Male) |
| 25:57 | Queue | Bombard Cannon |
| 25:58 | Queue | Bombard Cannon |
| 26:32 | Queue | Villager (Male) |
| 26:33 | Queue | Bombard Cannon |
| 26:34 | Queue | Bombard Cannon |
| 27:35 | Queue | Villager (Male) |
| 27:35 | Queue | Villager (Male) |
| 27:36 | Queue | Villager (Male) |
| 27:37 | Queue | Bombard Cannon |
| 27:38 | Queue | Bombard Cannon |
| 28:21 | Queue | Villager (Male) |
| 28:22 | Queue | Villager (Male) |
| 28:23 | Build | Town Center |
| 28:25 | Build | Town Center |
| 28:44 | Queue | Villager (Male) |
| 28:49 | Build | House |
| 28:50 | Build | House |
| 29:26 | Queue | Villager (Male) |
| 29:26 | Queue | Villager (Male) |
| 29:26 | Queue | Villager (Male) |
| 29:28 | Queue | Villager (Male) |
| 29:28 | Queue | Villager (Male) |
| 29:28 | Queue | Villager (Male) |
| 29:31 | Research | Two-Man Saw |
| 29:31 | Research | Horse Collar |
| 29:32 | Research | Horse Collar |
| 30:30 | Queue | Villager (Male) |
| 30:30 | Queue | Villager (Male) |
| 30:30 | Queue | Villager (Male) |
| 30:30 | Queue | Villager (Male) |
| 30:32 | Build | Farm |
Build order — PossiblySean
First 150 of 272 actions detected
| 0:01 | Queue | Villager (Male) |
| 0:01 | Queue | Villager (Male) |
| 0:01 | Queue | Villager (Male) |
| 0:01 | Queue | Villager (Male) |
| 0:01 | Queue | Villager (Male) |
| 0:01 | Queue | Villager (Male) |
| 0:02 | Build | House |
| 0:04 | Build | House |
| 1:27 | Queue | Villager (Male) |
| 1:27 | Queue | Villager (Male) |
| 1:28 | Queue | Villager (Male) |
| 1:44 | Build | Lumber Camp |
| 1:55 | Queue | Villager (Male) |
| 2:03 | Queue | Villager (Male) |
| 2:03 | Queue | Villager (Male) |
| 2:40 | Queue | Villager (Male) |
| 2:40 | Queue | Villager (Male) |
| 2:40 | Queue | Villager (Male) |
| 3:01 | Queue | Villager (Male) |
| 3:01 | Queue | Villager (Male) |
| 3:01 | Queue | Villager (Male) |
| 3:28 | Build | House |
| 3:34 | Queue | Villager (Male) |
| 3:34 | Queue | Villager (Male) |
| 3:34 | Queue | Villager (Male) |
| 3:34 | Queue | Villager (Male) |
| 3:49 | Queue | Villager (Male) |
| 3:49 | Queue | Villager (Male) |
| 3:49 | Queue | Villager (Male) |
| 4:21 | Queue | Villager (Male) |
| 4:21 | Queue | Villager (Male) |
| 4:54 | Queue | Villager (Male) |
| 4:54 | Queue | Villager (Male) |
| 5:12 | Queue | Villager (Male) |
| 5:13 | Queue | Villager (Male) |
| 5:13 | Queue | Villager (Male) |
| 5:16 | Build | House |
| 5:37 | Queue | Villager (Male) |
| 5:37 | Queue | Villager (Male) |
| 5:55 | Build | Mill |
| 6:03 | Queue | Villager (Male) |
| 6:03 | Queue | Villager (Male) |
| 6:03 | Queue | Villager (Male) |
| 6:22 | Queue | Villager (Male) |
| 6:22 | Queue | Villager (Male) |
| 6:22 | Queue | Villager (Male) |
| 6:22 | Queue | Villager (Male) |
| 6:22 | Queue | Villager (Male) |
| 7:18 | Queue | Villager (Male) |
| 7:24 | Build | Farm |
| 7:26 | Build | Farm |
| 7:30 | Build | Farm |
| 7:32 | Queue | Villager (Male) |
| 7:55 | Queue | Villager (Male) |
| 8:45 | Queue | Villager (Male) |
| 8:48 | Research | Feudal Age |
| 8:52 | Build | Mining Camp |
| 9:09 | Build | House |
| 9:13 | Queue | Villager (Male) |
| 9:14 | Queue | Villager (Male) |
| 10:05 | Build | Lumber Camp |
| 10:59 | Age | Feudal Age |
| 11:01 | Build | Market |
| 11:05 | Build | Blacksmith |
| 12:00 | Research | Castle Age |
| 12:00 | Research | Castle Age |
| 12:07 | Build | Barracks |
| 12:31 | Build | House |
| 12:32 | Build | House |
| 12:45 | Research | Fletching |
| 13:01 | Build | House |
| 13:04 | Queue | Villager (Male) |
| 13:08 | Build | Archery Range |
| 13:10 | Queue | Villager (Male) |
| 13:19 | Queue | Villager (Male) |
| 13:36 | Research | Double-Bit Axe |
| 13:47 | Research | Horse Collar |
| 13:48 | Research | Horse Collar |
| 13:56 | Queue | Villager (Male) |
| 14:01 | Queue | Archer |
| 14:01 | Queue | Archer |
| 14:01 | Queue | Archer |
| 14:04 | Build | House |
| 14:33 | Queue | Villager (Male) |
| 14:40 | Age | Castle Age |
| 14:42 | Build | Farm |
| 14:46 | Queue | Archer |
| 14:46 | Queue | Archer |
| 14:46 | Queue | Archer |
| 14:55 | Build | Town Center |
| 15:12 | Queue | Villager (Male) |
| 15:20 | Queue | Archer |
| 15:20 | Queue | Archer |
| 15:36 | Queue | Villager (Male) |
| 15:44 | Queue | Archer |
| 15:55 | Build | Farm |
| 16:08 | Queue | Archer |
| 16:10 | Queue | Villager (Male) |
| 16:16 | Build | Farm |
| 16:16 | Build | Farm |
| 16:30 | Queue | Villager (Male) |
| 16:32 | Build | Farm |
| 16:40 | Build | Farm |
| 16:41 | Queue | Villager (Male) |
| 16:42 | Queue | Villager (Male) |
| 16:48 | Queue | Villager (Male) |
| 16:50 | Queue | Archer |
| 16:50 | Queue | Archer |
| 16:50 | Queue | Archer |
| 16:50 | Queue | Archer |
| 17:05 | Build | Farm |
| 17:15 | Build | Farm |
| 17:18 | Build | Farm |
| 17:22 | Queue | Villager (Male) |
| 17:22 | Queue | Villager (Male) |
| 17:26 | Build | Farm |
| 17:30 | Queue | Villager (Male) |
| 17:32 | Queue | Archer |
| 17:40 | Build | Farm |
| 17:46 | Build | Farm |
| 17:48 | Queue | Villager (Male) |
| 17:48 | Queue | Villager (Male) |
| 17:54 | Queue | Archer |
| 17:55 | Queue | Archer |
| 17:55 | Queue | Archer |
| 18:04 | Queue | Villager (Male) |
| 18:07 | Queue | Archer |
| 18:19 | Build | Farm |
| 18:19 | Build | Farm |
| 18:24 | Queue | Villager (Male) |
| 18:29 | Queue | Archer |
| 18:40 | Research | Bodkin Arrow |
| 18:41 | Research | Bodkin Arrow |
| 18:52 | Build | University |
| 18:54 | Queue | Archer |
| 18:55 | Queue | Archer |
| 18:55 | Queue | Archer |
| 18:58 | Queue | Villager (Male) |
| 18:58 | Queue | Villager (Male) |
| 19:07 | Build | Farm |
| 19:07 | Build | Farm |
| 19:07 | Build | Farm |
| 19:13 | Build | Farm |
| 19:20 | Queue | Archer |
| 19:34 | Build | House |
| 19:37 | Research | Crossbowman (upgrade) |
| 19:41 | Queue | Villager (Male) |
| 19:45 | Queue | Villager (Male) |
| 19:45 | Queue | Villager (Male) |
| 19:45 | Queue | Villager (Male) |
Build order — 洛子商
First 150 of 366 actions detected
| 0:02 | Queue | Villager (Male) |
| 0:02 | Queue | Villager (Male) |
| 0:02 | Queue | Villager (Male) |
| 0:02 | Queue | Villager (Male) |
| 0:06 | Build | House |
| 1:11 | Build | House |
| 1:11 | Build | House |
| 1:24 | Queue | Villager (Male) |
| 1:24 | Queue | Villager (Male) |
| 1:52 | Queue | Villager (Male) |
| 1:53 | Queue | Villager (Male) |
| 2:21 | Build | Mill |
| 2:26 | Queue | Villager (Male) |
| 2:27 | Queue | Villager (Male) |
| 2:50 | Queue | Villager (Male) |
| 2:51 | Queue | Villager (Male) |
| 2:51 | Queue | Villager (Male) |
| 3:36 | Queue | Villager (Male) |
| 3:36 | Queue | Villager (Male) |
| 3:51 | Queue | Villager (Male) |
| 3:52 | Queue | Villager (Male) |
| 3:53 | Queue | Villager (Male) |
| 3:53 | Queue | Villager (Male) |
| 4:31 | Build | House |
| 4:36 | Queue | Villager (Male) |
| 4:36 | Queue | Villager (Male) |
| 5:04 | Build | Lumber Camp |
| 5:18 | Queue | Villager (Male) |
| 5:19 | Queue | Villager (Male) |
| 5:19 | Queue | Villager (Male) |
| 5:30 | Queue | Villager (Male) |
| 5:30 | Queue | Villager (Male) |
| 5:58 | Queue | Villager (Male) |
| 5:58 | Queue | Villager (Male) |
| 5:58 | Queue | Villager (Male) |
| 6:31 | Queue | Villager (Male) |
| 6:32 | Queue | Villager (Male) |
| 6:32 | Queue | Villager (Male) |
| 6:37 | Build | House |
| 7:25 | Build | Mill |
| 7:41 | Queue | Villager (Male) |
| 8:07 | Queue | Villager (Male) |
| 8:13 | Build | Farm |
| 8:41 | Queue | Villager (Male) |
| 8:49 | Build | Farm |
| 9:23 | Build | House |
| 9:32 | Build | Farm |
| 9:52 | Build | Mining Camp |
| 9:59 | Research | Feudal Age |
| 10:00 | Research | Feudal Age |
| 10:03 | Build | Mining Camp |
| 10:18 | Build | Mining Camp |
| 10:56 | Queue | Villager (Male) |
| 10:56 | Queue | Villager (Male) |
| 11:18 | Build | Farm |
| 11:44 | Build | Farm |
| 12:14 | Age | Feudal Age |
| 12:17 | Build | Market |
| 12:19 | Build | Blacksmith |
| 13:09 | Research | Castle Age |
| 13:09 | Research | Castle Age |
| 13:16 | Build | Farm |
| 13:19 | Build | Farm |
| 13:21 | Research | Double-Bit Axe |
| 13:30 | Research | Horse Collar |
| 13:30 | Research | Horse Collar |
| 14:38 | Research | Gold Mining |
| 15:39 | Queue | Villager (Male) |
| 15:49 | Age | Castle Age |
| 15:54 | Build | Castle |
| 15:55 | Research | Bow Saw |
| 16:00 | Queue | Villager (Male) |
| 16:27 | Build | Farm |
| 16:28 | Research | Fletching |
| 16:29 | Queue | Villager (Male) |
| 16:31 | Queue | Villager (Male) |
| 16:40 | Build | Farm |
| 16:49 | Build | Farm |
| 17:10 | Queue | Villager (Male) |
| 17:16 | Queue | Genoese Crossbowman |
| 17:17 | Queue | Genoese Crossbowman |
| 17:23 | Queue | Villager (Male) |
| 17:46 | Build | Town Center |
| 17:51 | Queue | Genoese Crossbowman |
| 17:51 | Queue | Genoese Crossbowman |
| 18:00 | Queue | Villager (Male) |
| 18:06 | Queue | Genoese Crossbowman |
| 18:14 | Queue | Villager (Male) |
| 18:20 | Queue | Genoese Crossbowman |
| 18:37 | Queue | Villager (Male) |
| 18:43 | Queue | Genoese Crossbowman |
| 18:51 | Research | Wheelbarrow |
| 18:57 | Queue | Genoese Crossbowman |
| 19:01 | Queue | Villager (Male) |
| 19:06 | Queue | Villager (Male) |
| 19:32 | Queue | Villager (Male) |
| 19:32 | Queue | Villager (Male) |
| 19:34 | Build | Farm |
| 19:35 | Build | Farm |
| 19:37 | Queue | Genoese Crossbowman |
| 19:41 | Queue | Genoese Crossbowman |
| 19:51 | Build | Farm |
| 19:55 | Build | Farm |
| 20:04 | Queue | Villager (Male) |
| 20:06 | Queue | Genoese Crossbowman |
| 20:24 | Queue | Genoese Crossbowman |
| 20:27 | Queue | Villager (Male) |
| 20:27 | Queue | Villager (Male) |
| 20:30 | Build | Farm |
| 20:38 | Queue | Villager (Male) |
| 20:48 | Queue | Villager (Male) |
| 20:51 | Build | Town Center |
| 21:10 | Queue | Villager (Male) |
| 21:11 | Queue | Genoese Crossbowman |
| 21:11 | Queue | Genoese Crossbowman |
| 21:17 | Queue | Genoese Crossbowman |
| 21:18 | Queue | Villager (Male) |
| 21:27 | Queue | Villager (Male) |
| 21:34 | Build | Lumber Camp |
| 21:42 | Build | House |
| 21:42 | Build | House |
| 21:43 | Build | House |
| 21:44 | Queue | Villager (Male) |
| 21:45 | Queue | Villager (Male) |
| 21:52 | Research | Loom |
| 21:54 | Queue | Genoese Crossbowman |
| 21:56 | Queue | Villager (Male) |
| 21:57 | Queue | Villager (Male) |
| 21:58 | Queue | Villager (Male) |
| 22:06 | Build | Farm |
| 22:14 | Build | Farm |
| 22:17 | Queue | Genoese Crossbowman |
| 22:18 | Queue | Villager (Male) |
| 22:19 | Queue | Villager (Male) |
| 22:23 | Queue | Villager (Male) |
| 22:28 | Queue | Genoese Crossbowman |
| 22:42 | Research | Bodkin Arrow |
| 22:58 | Queue | Genoese Crossbowman |
| 22:58 | Queue | Genoese Crossbowman |
| 23:00 | Queue | Villager (Male) |
| 23:00 | Queue | Villager (Male) |
| 23:00 | Queue | Genoese Crossbowman |
| 23:01 | Queue | Genoese Crossbowman |
| 23:12 | Queue | Genoese Crossbowman |
| 23:13 | Queue | Villager (Male) |
| 23:13 | Queue | Villager (Male) |
| 23:13 | Queue | Villager (Male) |
| 23:22 | Build | University |
| 23:28 | Queue | Genoese Crossbowman |
| 23:28 | Queue | Genoese Crossbowman |
Build order — LaochraGael
First 150 of 462 actions detected
| 0:00 | Queue | Villager (Male) |
| 0:00 | Queue | Villager (Male) |
| 0:01 | Queue | Villager (Male) |
| 0:01 | Queue | Villager (Male) |
| 0:01 | Queue | Villager (Male) |
| 0:02 | Build | House |
| 0:03 | Build | House |
| 1:23 | Queue | Villager (Male) |
| 1:46 | Build | Lumber Camp |
| 1:58 | Queue | Villager (Male) |
| 1:58 | Queue | Villager (Male) |
| 2:14 | Queue | Villager (Male) |
| 2:14 | Queue | Villager (Male) |
| 2:44 | Queue | Villager (Male) |
| 3:00 | Queue | Villager (Male) |
| 3:00 | Queue | Villager (Male) |
| 3:25 | Queue | Villager (Male) |
| 3:25 | Queue | Villager (Male) |
| 3:40 | Build | House |
| 3:55 | Build | House |
| 4:11 | Build | Palisade Gate |
| 4:15 | Queue | Villager (Male) |
| 4:16 | Queue | Villager (Male) |
| 4:16 | Queue | Villager (Male) |
| 4:21 | Build | Palisade Gate |
| 4:27 | Build | Palisade Gate |
| 4:36 | Build | Palisade Gate |
| 4:41 | Build | Mill |
| 4:46 | Queue | Villager (Male) |
| 4:46 | Queue | Villager (Male) |
| 5:17 | Queue | Villager (Male) |
| 5:30 | Queue | Villager (Male) |
| 5:31 | Queue | Villager (Male) |
| 5:35 | Queue | Villager (Male) |
| 6:11 | Queue | Villager (Male) |
| 6:11 | Queue | Villager (Male) |
| 6:12 | Queue | Villager (Male) |
| 6:23 | Queue | Villager (Male) |
| 6:23 | Queue | Villager (Male) |
| 6:58 | Queue | Villager (Male) |
| 7:19 | Build | House |
| 8:31 | Build | Mining Camp |
| 8:35 | Research | Feudal Age |
| 9:15 | Build | Barracks |
| 9:43 | Queue | Villager (Male) |
| 9:43 | Queue | Villager (Male) |
| 10:04 | Build | Farm |
| 10:07 | Build | Farm |
| 10:33 | Build | Farm |
| 10:48 | Age | Feudal Age |
| 10:50 | Build | Blacksmith |
| 10:52 | Build | Market |
| 11:33 | Research | Castle Age |
| 11:33 | Research | Castle Age |
| 11:43 | Build | House |
| 11:54 | Research | Double-Bit Axe |
| 11:58 | Build | Farm |
| 12:00 | Build | Farm |
| 12:12 | Build | Farm |
| 12:40 | Research | Horse Collar |
| 12:40 | Research | Horse Collar |
| 13:23 | Queue | Villager (Male) |
| 13:59 | Age | Castle Age |
| 14:01 | Build | Town Center |
| 14:04 | Build | Town Center |
| 14:07 | Queue | Villager (Male) |
| 14:23 | Build | Farm |
| 14:39 | Queue | Villager (Male) |
| 14:49 | Build | Farm |
| 14:59 | Queue | Villager (Male) |
| 15:14 | Queue | Villager (Male) |
| 15:17 | Queue | Villager (Male) |
| 15:19 | Build | Farm |
| 15:20 | Queue | Villager (Male) |
| 15:23 | Build | Farm |
| 15:24 | Build | Farm |
| 15:26 | Build | Farm |
| 15:27 | Queue | Villager (Male) |
| 15:30 | Queue | Villager (Male) |
| 15:30 | Queue | Villager (Male) |
| 15:31 | Queue | Villager (Male) |
| 16:00 | Build | Farm |
| 16:01 | Build | Farm |
| 16:03 | Build | House |
| 16:06 | Queue | Villager (Male) |
| 16:17 | Build | Farm |
| 16:18 | Queue | Villager (Male) |
| 16:22 | Build | Farm |
| 16:27 | Build | Farm |
| 16:27 | Queue | Villager (Male) |
| 16:33 | Queue | Villager (Male) |
| 16:33 | Queue | Villager (Male) |
| 16:33 | Queue | Villager (Male) |
| 16:35 | Build | Farm |
| 16:40 | Build | House |
| 16:41 | Queue | Villager (Male) |
| 16:41 | Queue | Villager (Male) |
| 16:48 | Build | Farm |
| 16:49 | Queue | Villager (Male) |
| 16:49 | Queue | Villager (Male) |
| 16:51 | Build | Farm |
| 16:59 | Build | Farm |
| 17:03 | Queue | Villager (Male) |
| 17:03 | Queue | Villager (Male) |
| 17:12 | Build | House |
| 17:12 | Queue | Villager (Male) |
| 17:17 | Build | Farm |
| 17:19 | Queue | Villager (Male) |
| 17:19 | Queue | Villager (Male) |
| 17:24 | Queue | Villager (Male) |
| 17:24 | Queue | Villager (Male) |
| 17:28 | Build | Farm |
| 17:32 | Build | Farm |
| 17:33 | Queue | Villager (Male) |
| 17:33 | Queue | Villager (Male) |
| 17:35 | Build | Farm |
| 17:45 | Queue | Villager (Male) |
| 17:45 | Queue | Villager (Male) |
| 17:53 | Build | Barracks |
| 17:53 | Queue | Villager (Male) |
| 17:58 | Queue | Villager (Male) |
| 17:58 | Queue | Villager (Male) |
| 18:02 | Queue | Villager (Male) |
| 18:06 | Queue | Villager (Male) |
| 18:15 | Build | Farm |
| 18:19 | Queue | Villager (Male) |
| 18:24 | Build | Farm |
| 18:25 | Queue | Villager (Male) |
| 18:26 | Queue | Villager (Male) |
| 18:29 | Build | Farm |
| 18:35 | Queue | Villager (Male) |
| 18:37 | Queue | Villager (Male) |
| 18:45 | Queue | Villager (Male) |
| 18:48 | Build | Stable |
| 18:51 | Queue | Villager (Male) |
| 18:51 | Queue | Villager (Male) |
| 18:55 | Build | Farm |
| 18:56 | Build | Farm |
| 18:58 | Queue | Villager (Male) |
| 19:04 | Build | House |
| 19:08 | Research | Wheelbarrow |
| 19:09 | Research | Wheelbarrow |
| 19:28 | Queue | Villager (Male) |
| 19:29 | Queue | Villager (Male) |
| 19:33 | Queue | Villager (Male) |
| 19:35 | Queue | Villager (Male) |
| 19:36 | Build | Stable |
| 19:40 | Build | House |
| 19:41 | Queue | Villager (Male) |
| 19:43 | Build | Farm |
Build order — YT Jian Hei菜雞號
First 150 of 395 actions detected
| 0:00 | Queue | Villager (Male) |
| 0:02 | Build | House |
| 0:03 | Build | House |
| 0:06 | Queue | Villager (Male) |
| 0:07 | Queue | Villager (Male) |
| 0:07 | Queue | Villager (Male) |
| 0:07 | Queue | Villager (Male) |
| 1:27 | Queue | Villager (Male) |
| 1:27 | Queue | Villager (Male) |
| 1:58 | Queue | Villager (Male) |
| 1:58 | Queue | Villager (Male) |
| 1:59 | Queue | Villager (Male) |
| 2:19 | Queue | Villager (Male) |
| 2:19 | Queue | Villager (Male) |
| 2:19 | Queue | Villager (Male) |
| 2:22 | Build | Lumber Camp |
| 2:41 | Queue | Villager (Male) |
| 2:41 | Queue | Villager (Male) |
| 3:13 | Queue | Villager (Male) |
| 3:13 | Queue | Villager (Male) |
| 3:14 | Queue | Villager (Male) |
| 3:36 | Queue | Villager (Male) |
| 3:37 | Queue | Villager (Male) |
| 3:37 | Queue | Villager (Male) |
| 3:49 | Build | House |
| 3:51 | Build | House |
| 4:13 | Queue | Villager (Male) |
| 4:14 | Queue | Villager (Male) |
| 4:14 | Queue | Villager (Male) |
| 4:14 | Queue | Villager (Male) |
| 4:38 | Build | Mill |
| 4:46 | Build | Palisade Gate |
| 4:50 | Queue | Villager (Male) |
| 5:04 | Build | House |
| 5:08 | Queue | Villager (Male) |
| 5:08 | Queue | Villager (Male) |
| 5:30 | Queue | Villager (Male) |
| 5:30 | Queue | Villager (Male) |
| 5:30 | Queue | Villager (Male) |
| 5:39 | Build | House |
| 5:52 | Build | Palisade Wall |
| 5:54 | Build | Palisade Wall |
| 5:58 | Queue | Villager (Male) |
| 5:58 | Queue | Villager (Male) |
| 6:09 | Queue | Villager (Male) |
| 6:37 | Queue | Villager (Male) |
| 7:32 | Build | Lumber Camp |
| 7:43 | Build | Farm |
| 7:44 | Build | Farm |
| 8:01 | Build | Farm |
| 8:04 | Queue | Villager (Male) |
| 8:31 | Build | Farm |
| 8:38 | Queue | Villager (Male) |
| 8:41 | Research | Feudal Age |
| 8:41 | Research | Feudal Age |
| 8:58 | Build | Mining Camp |
| 9:39 | Queue | Villager (Male) |
| 9:40 | Queue | Villager (Male) |
| 11:21 | Age | Feudal Age |
| 11:22 | Build | Market |
| 11:27 | Build | Blacksmith |
| 11:51 | Build | Mining Camp |
| 11:59 | Research | Double-Bit Axe |
| 11:59 | Research | Double-Bit Axe |
| 12:13 | Research | Castle Age |
| 12:13 | Research | Castle Age |
| 12:13 | Research | Castle Age |
| 12:35 | Research | Horse Collar |
| 12:36 | Research | Horse Collar |
| 12:50 | Build | Farm |
| 12:51 | Build | Farm |
| 13:31 | Build | House |
| 13:32 | Build | House |
| 13:37 | Queue | Villager (Male) |
| 14:13 | Build | Farm |
| 14:14 | Build | Farm |
| 14:53 | Age | Castle Age |
| 15:07 | Queue | Villager (Male) |
| 15:23 | Build | Town Center |
| 15:29 | Queue | Villager (Male) |
| 15:36 | Research | Bow Saw |
| 15:52 | Build | Town Center |
| 16:06 | Queue | Villager (Male) |
| 16:25 | Build | House |
| 16:28 | Queue | Villager (Male) |
| 16:36 | Queue | Villager (Male) |
| 16:38 | Build | Farm |
| 16:40 | Build | Farm |
| 16:48 | Queue | Villager (Male) |
| 16:51 | Build | Farm |
| 16:53 | Build | Farm |
| 17:05 | Queue | Villager (Male) |
| 17:14 | Queue | Villager (Male) |
| 17:16 | Queue | Villager (Male) |
| 17:18 | Queue | Villager (Male) |
| 17:22 | Queue | Villager (Male) |
| 17:34 | Build | Castle |
| 17:40 | Build | Siege Workshop |
| 17:42 | Build | Siege Workshop |
| 17:43 | Queue | Villager (Male) |
| 17:45 | Queue | Villager (Male) |
| 17:58 | Research | Loom |
| 17:58 | Research | Loom |
| 17:59 | Research | Loom |
| 18:00 | Queue | Villager (Male) |
| 18:01 | Build | Farm |
| 18:02 | Build | Farm |
| 18:04 | Queue | Villager (Male) |
| 18:04 | Queue | Villager (Male) |
| 18:05 | Queue | Villager (Male) |
| 18:25 | Queue | Villager (Male) |
| 18:27 | Build | Farm |
| 18:28 | Build | Farm |
| 18:29 | Build | Farm |
| 18:43 | Queue | Villager (Male) |
| 18:43 | Queue | Villager (Male) |
| 18:45 | Build | Mining Camp |
| 19:09 | Queue | Petard |
| 19:09 | Queue | Battering Ram |
| 19:10 | Queue | Battering Ram |
| 19:10 | Queue | Battering Ram |
| 19:13 | Queue | Villager (Male) |
| 19:14 | Queue | Villager (Male) |
| 19:18 | Build | Farm |
| 19:20 | Build | Farm |
| 19:25 | Build | Farm |
| 19:26 | Build | Farm |
| 19:35 | Queue | Villager (Male) |
| 19:36 | Queue | Villager (Male) |
| 19:42 | Queue | Villager (Male) |
| 19:42 | Queue | Villager (Male) |
| 19:49 | Queue | Petard |
| 19:49 | Queue | Petard |
| 19:50 | Queue | Petard |
| 20:02 | Queue | Battering Ram |
| 20:04 | Queue | Villager (Male) |
| 20:04 | Queue | Villager (Male) |
| 20:04 | Queue | Villager (Male) |
| 20:06 | Build | Farm |
| 20:07 | Build | Farm |
| 20:09 | Queue | Villager (Male) |
| 20:09 | Queue | Villager (Male) |
| 20:17 | Queue | Villager (Male) |
| 20:19 | Build | Farm |
| 20:27 | Queue | Hussite Wagon |
| 20:31 | Research | Fletching |
| 20:31 | Research | Fletching |
| 20:39 | Build | Outpost |
| 20:43 | Research | Town Watch |
| 20:48 | Build | Farm |
Build order — NuclearPasta
First 150 of 307 actions detected
| 0:00 | Queue | Villager (Male) |
| 0:01 | Queue | Villager (Male) |
| 0:01 | Queue | Villager (Male) |
| 0:04 | Build | House |
| 0:04 | Build | House |
| 0:11 | Queue | Villager (Male) |
| 0:12 | Queue | Villager (Male) |
| 0:12 | Queue | Villager (Male) |
| 0:34 | Build | House |
| 1:16 | Build | Palisade Wall |
| 1:17 | Build | Palisade Wall |
| 1:25 | Build | Palisade Wall |
| 1:26 | Build | Palisade Wall |
| 1:28 | Build | Palisade Wall |
| 1:33 | Build | Palisade Wall |
| 1:36 | Build | Palisade Wall |
| 1:41 | Build | Palisade Wall |
| 1:44 | Build | Palisade Wall |
| 1:59 | Queue | Villager (Male) |
| 1:59 | Queue | Villager (Male) |
| 2:06 | Build | Palisade Gate |
| 2:13 | Queue | Villager (Male) |
| 2:25 | Queue | Villager (Male) |
| 2:50 | Queue | Villager (Male) |
| 2:50 | Queue | Villager (Male) |
| 3:13 | Queue | Villager (Male) |
| 3:13 | Queue | Villager (Male) |
| 4:04 | Queue | Villager (Male) |
| 4:44 | Build | Lumber Camp |
| 4:46 | Queue | Villager (Male) |
| 4:46 | Queue | Villager (Male) |
| 4:47 | Queue | Villager (Male) |
| 4:47 | Queue | Villager (Male) |
| 5:09 | Queue | Villager (Male) |
| 5:30 | Build | House |
| 6:04 | Queue | Villager (Male) |
| 6:20 | Build | Mill |
| 6:33 | Queue | Villager (Male) |
| 6:59 | Build | House |
| 7:15 | Queue | Villager (Male) |
| 7:15 | Queue | Villager (Male) |
| 7:15 | Queue | Villager (Male) |
| 7:55 | Build | Lumber Camp |
| 8:16 | Queue | Villager (Male) |
| 8:26 | Build | Farm |
| 8:27 | Build | Farm |
| 8:36 | Queue | Villager (Male) |
| 8:39 | Research | Feudal Age |
| 9:15 | Build | Mining Camp |
| 9:24 | Build | Farm |
| 9:39 | Build | Farm |
| 10:25 | Queue | Villager (Male) |
| 10:25 | Queue | Villager (Male) |
| 10:36 | Build | Barracks |
| 11:46 | Age | Feudal Age |
| 11:48 | Build | Stable |
| 11:51 | Build | Blacksmith |
| 12:03 | Research | Double-Bit Axe |
| 12:16 | Build | House |
| 12:28 | Research | Horse Collar |
| 12:28 | Research | Horse Collar |
| 12:34 | Research | Castle Age |
| 12:46 | Build | Farm |
| 12:52 | Queue | Scout Cavalry |
| 12:54 | Build | House |
| 13:11 | Build | Farm |
| 13:12 | Build | Farm |
| 13:26 | Queue | Scout Cavalry |
| 13:58 | Queue | Scout Cavalry |
| 14:18 | Queue | Villager (Male) |
| 14:59 | Queue | Villager (Male) |
| 15:16 | Age | Castle Age |
| 15:18 | Build | Monastery |
| 15:20 | Build | Town Center |
| 15:22 | Research | Bow Saw |
| 15:43 | Build | Farm |
| 16:01 | Queue | Villager (Male) |
| 16:02 | Queue | Scout Cavalry |
| 16:16 | Research | Sanctity |
| 16:18 | Queue | Monk |
| 16:26 | Build | Town Center |
| 16:28 | Queue | Villager (Male) |
| 16:28 | Queue | Villager (Male) |
| 16:28 | Queue | Villager (Male) |
| 16:33 | Build | Farm |
| 16:34 | Build | Farm |
| 16:41 | Research | Wheelbarrow |
| 16:41 | Research | Wheelbarrow |
| 16:55 | Queue | Villager (Male) |
| 16:55 | Queue | Villager (Male) |
| 17:01 | Build | House |
| 17:02 | Build | House |
| 17:03 | Build | House |
| 17:03 | Build | House |
| 17:07 | Queue | Monk |
| 17:29 | Research | Heavy Plow |
| 17:39 | Queue | Villager (Male) |
| 17:39 | Queue | Villager (Male) |
| 17:41 | Build | Farm |
| 18:00 | Queue | Villager (Male) |
| 18:00 | Queue | Villager (Male) |
| 18:00 | Queue | Villager (Male) |
| 18:00 | Queue | Villager (Male) |
| 18:01 | Build | Farm |
| 18:03 | Build | Farm |
| 18:07 | Queue | Villager (Male) |
| 18:07 | Queue | Villager (Male) |
| 18:08 | Build | Farm |
| 18:30 | Build | Farm |
| 18:31 | Build | Farm |
| 18:32 | Build | Farm |
| 18:38 | Build | Farm |
| 18:41 | Build | Farm |
| 18:48 | Research | Bloodlines |
| 18:50 | Research | Light Cavalry (upgrade) |
| 18:58 | Build | Farm |
| 19:25 | Queue | Villager (Male) |
| 19:26 | Queue | Villager (Male) |
| 19:27 | Queue | Villager (Male) |
| 19:27 | Queue | Villager (Male) |
| 19:28 | Build | Farm |
| 19:29 | Build | Farm |
| 19:32 | Build | Farm |
| 19:49 | Queue | Villager (Male) |
| 19:49 | Queue | Villager (Male) |
| 19:50 | Queue | Villager (Male) |
| 19:51 | Build | Farm |
| 19:53 | Build | Farm |
| 19:54 | Build | Farm |
| 19:58 | Build | Farm |
| 20:05 | Queue | Villager (Male) |
| 20:06 | Queue | Villager (Male) |
| 20:06 | Queue | Villager (Male) |
| 20:10 | Build | Farm |
| 20:12 | Build | Farm |
| 20:13 | Queue | Villager (Male) |
| 20:13 | Queue | Villager (Male) |
| 20:23 | Queue | Villager (Male) |
| 20:23 | Queue | Villager (Male) |
| 20:30 | Queue | Villager (Male) |
| 20:30 | Queue | Villager (Male) |
| 20:31 | Queue | Villager (Male) |
| 20:33 | Build | Farm |
| 20:38 | Build | Farm |
| 20:40 | Build | Farm |
| 20:41 | Queue | Villager (Male) |
| 20:41 | Queue | Villager (Male) |
| 20:42 | Build | House |
| 20:43 | Build | House |
| 20:44 | Build | House |
Match timeline
| 1:16 | NuclearPasta · wall_segment Palisade Wall x1 |
| 1:17 | NuclearPasta · wall_segment Palisade Wall x1 |
| 1:25 | NuclearPasta · wall_segment Palisade Wall x1 |
| 1:26 | NuclearPasta · wall_segment Palisade Wall x1 |
| 1:28 | NuclearPasta · wall_segment Palisade Wall x1 |
| 1:33 | NuclearPasta · wall_segment Palisade Wall x1 |
| 1:36 | NuclearPasta · wall_segment Palisade Wall x1 |
| 1:41 | NuclearPasta · wall_segment Palisade Wall x1 |
| 1:44 | NuclearPasta · wall_segment Palisade Wall x1 |
| 5:52 | YT Jian Hei菜雞號 · wall_segment Palisade Wall x1 |
| 5:54 | YT Jian Hei菜雞號 · wall_segment Palisade Wall x3 |
| 8:59 | 微笑矮袋鼠 · age_up feudal |
| 9:15 | LaochraGael · first_building Barracks |
| 10:36 | NuclearPasta · first_building Barracks |
| 10:47 | [TNT] KKKFFFFFFCC · tribute_sent a jugador 1 |
| 10:47 | [TNT] KKKFFFFFFCC · tribute_sent a jugador 2 |
| 10:47 | [TNT] KKKFFFFFFCC · tribute_sent a jugador 4 |
| 10:47 | [TNT] KKKFFFFFFCC · tribute_sent a jugador 5 |
| 10:47 | [TNT] KKKFFFFFFCC · tribute_sent a jugador 6 |
| 10:47 | [TNT] KKKFFFFFFCC · tribute_sent a jugador 7 |
| 10:47 | [TNT] KKKFFFFFFCC · tribute_sent a jugador 8 |
| 10:48 | LaochraGael · age_up feudal |
| 10:56 | Gloriaz · age_up feudal |
| 10:59 | PossiblySean · age_up feudal |
| 11:06 | [TNT] KKKFFFFFFCC · age_up feudal |
| 11:21 | YT Jian Hei菜雞號 · age_up feudal |
| 11:46 | NuclearPasta · age_up feudal |
| 11:48 | NuclearPasta · first_building Stable |
| 12:07 | PossiblySean · first_building Barracks |
| 12:14 | 洛子商 · age_up feudal |
| 12:17 | Gloriaz · first_market_buy 100 food |
| 12:17 | Gloriaz · first_market_sell 100 wood |
| 13:08 | PossiblySean · first_building Archery Range |
| 13:59 | LaochraGael · age_up castle |
| 14:40 | PossiblySean · age_up castle |
| 14:53 | YT Jian Hei菜雞號 · age_up castle |
| 15:04 | Gloriaz · age_up castle |
| 15:16 | NuclearPasta · age_up castle |
| 15:18 | NuclearPasta · first_building Monastery |
| 15:49 | 洛子商 · age_up castle |
| 15:54 | 洛子商 · first_building Castle |
| 15:56 | 微笑矮袋鼠 · first_building Barracks |
| 16:30 | Gloriaz · first_building Castle |
| 16:51 | 微笑矮袋鼠 · first_building Stable |
| 17:08 | [TNT] KKKFFFFFFCC · age_up castle |
| 17:12 | [TNT] KKKFFFFFFCC · first_building Siege Workshop |
| 17:12 | YT Jian Hei菜雞號 · first_market_sell 100 wood |
| 17:13 | YT Jian Hei菜雞號 · first_market_buy 100 stone |
| 17:18 | [TNT] KKKFFFFFFCC · first_building Monastery |
| 17:34 | YT Jian Hei菜雞號 · first_building Castle |
| 17:40 | YT Jian Hei菜雞號 · first_building Siege Workshop |
| 18:19 | [TNT] KKKFFFFFFCC · first_market_buy 100 food |
| 18:37 | PossiblySean · first_market_buy 100 food |
| 18:48 | LaochraGael · first_building Stable |
| 20:09 | Gloriaz · first_building Siege Workshop |
| 20:09 | PossiblySean · first_market_sell 100 stone |
| 20:19 | 微笑矮袋鼠 · age_up castle |
| 21:45 | [TNT] KKKFFFFFFCC · age_up imperial |
| 22:40 | 洛子商 · first_market_sell 100 wood |
| 22:53 | [TNT] KKKFFFFFFCC · wall_segment Palisade Wall x1 |
| 22:53 | [TNT] KKKFFFFFFCC · wall_segment Palisade Wall x1 |
| 22:55 | [TNT] KKKFFFFFFCC · wall_segment Palisade Wall x1 |
| 23:32 | PossiblySean · wall_segment Stone Wall x8 |
| 23:36 | PossiblySean · wall_segment Stone Wall x3 |
| 23:43 | YT Jian Hei菜雞號 · first_building Monastery |
| 24:19 | Gloriaz · age_up imperial |
| 24:28 | PossiblySean · wall_segment Stone Wall x4 |
| 24:55 | PossiblySean · wall_segment Palisade Wall x1 |
| 25:06 | YT Jian Hei菜雞號 · first_building Barracks |
| 25:07 | NuclearPasta · first_building Castle |
| 25:44 | YT Jian Hei菜雞號 · first_building Archery Range |
| 26:10 | LaochraGael · first_market_sell 100 food |
| 27:37 | NuclearPasta · first_market_buy 100 stone |
| 27:38 | 微笑矮袋鼠 · first_market_sell 100 wood |
| 27:58 | 微笑矮袋鼠 · first_market_buy 100 stone |
| 28:10 | NuclearPasta · age_up imperial |
| 28:13 | 洛子商 · first_building Barracks |
| 28:30 | PossiblySean · wall_segment Palisade Wall x1 |
| 29:03 | YT Jian Hei菜雞號 · wall_segment Stone Wall x1 |
| 29:06 | 洛子商 · first_building Archery Range |
| 30:24 | PossiblySean · wall_segment Stone Wall x6 |
| 30:25 | NuclearPasta · first_market_sell 500 wood |
| 31:11 | 洛子商 · age_up imperial |
| 31:25 | 洛子商 · first_market_buy 100 stone |
| 31:38 | LaochraGael · first_building Monastery |
| 32:28 | LaochraGael · resign |
[ AI ANALYSIS · 1 CREDIT ]
What really happened in this match?
Wolo.gg analyzes every decision: build order, eco, micro, common mistakes by bracket. Personalized analysis on WhatsApp or Discord in 30 seconds.
Civ guide
Cumans
Perfil
Jugador #22731211